 Dungeon Crawl Stone Soup version 0.30-a0-613-gdd512c7efb (webtiles) character file.

Game seed: 10227744680662836093

94 pokeman the Magician (level 4, -1/25 HPs)
             Began as a Deep Elf Hedge Wizard on Jan 8, 2023.
             Slain by an orc wizard
             ... wielding a +0 dagger
              (2 damage)
             ... on level 3 of the Dungeon.
             The game lasted 00:04:21 (2865 turns).

pokeman the Magician (Deep Elf Hedge Wizard)        Turns: 2865, Time: 00:04:21

Health: -1/25      AC:  5    Str: 13    XL:     4   Next: 38%
Magic:  0/13       EV: 12    Int: 21    God:
Gold:   112        SH:  0    Dex: 14    Spells: 6/14 levels left

rFire   . . .      SeeInvis .    p - +1 dagger (flame)
rCold   . . .      Faith    .    (no shield)
rNeg    . . .      Spirit   .    h - +1 leather armour {Will+}
rPois   .          Reflect  .    c - +0 hat
rElec   .          Harm     .    (no cloak)
rCorr   .          Rampage  .    (no gloves)
Will    +....                    f - +0 pair of boots
Stlth   ++                       (no amulet)
HPRegen 0.24/turn                q - +6 ring of strength
MPRegen 0.13/turn                (no ring)

@: no status effects
A: no striking features
a: no special abilities


You were on level 3 of the Dungeon.
You visited 1 branch of the dungeon, and saw 3 of its levels.

You collected 112 gold pieces.

Inventory:

Hand Weapons
 p - a +1 dagger of flaming (weapon)
Armour
 c - a +0 hat (worn)
 f - a +0 pair of boots (worn)
 h - a +1 leather armour of willpower (worn)
Jewellery
 q - a +6 ring of strength (left hand)
Scrolls
 g - a scroll of teleportation {unknown}
 i - 5 scrolls of identify {unknown}
 m - a scroll of fog {unknown}
 n - a scroll of vulnerability {unknown}
 r - a scroll of acquirement {unknown}
Potions
 a - 2 potions of curing {unknown}
 b - a potion of flight {unknown}
 d - a potion of magic
 e - a potion of haste {unknown}
 j - a potion of heal wounds {unknown}
 k - a potion of might {unknown}
 l - 2 potions of attraction {unknown}
 o - a potion of invisibility {unknown}


   Skills:
 - Level 1.0 Fighting
 - Level 1.0 Armour
 + Level 2.6 Dodging
 + Level 2.7 Stealth
 * Level 5.6 Spellcasting
 + Level 2.3 Conjurations
 - Level 1.1 Summonings
 - Level 1.1 Translocations


You had 6 spell levels left.
You knew the following spells:

 Your Spells              Type           Power      Damage    Failure   Level
a - Magic Dart            Conj           60%        1d6       4%          1
b - Mephitic Cloud        Conj/Pois/Air  9%         N/A       28%         3
c - Call Imp              Summ           10%        N/A       12%         2
d - Blink                 Tloc           20%        N/A       12%         2

Your spell library contained the following spells:

 Spells                   Type           Power      Damage    Failure   Level
 Slow                     Hex            20%        N/A       13%         1
 Cigotuvi's Dreadful Rot  Necr/Pois/Air  10%        N/A       19%         2
 Ozocubu's Armour         Ice            5%         N/A       36%         3
 Ozocubu's Refrigeration  Ice            2%         4d8       100%        7


Dungeon Overview and Level Annotations

Branches:
Dungeon (3/15)

Altars:
Trog


Message History

You don't have enough magic to cast this spell.
Unknown command.
Casting: Magic Dart (safe; 4% risk of failure)
Confirm with . or Enter, or press ? or * to list all spells.
You don't have enough magic to cast this spell.
Unknown command.
Casting: Magic Dart (safe; 4% risk of failure)
Confirm with . or Enter, or press ? or * to list all spells.
You don't have enough magic to cast this spell.
Unknown command.
A puff of flame appears from out of thin air!
The puff of flame hits you!
A puff of flame appears from out of thin air!
The puff of flame hits you!
You barely miss something. Something hits you but does no damage.
You closely miss something. Something hits you but does no damage.
You barely miss something. Something hits you.
You barely miss something. Something hits you but does no damage.
You barely miss something. Something hits you.
* * * LOW HITPOINT WARNING * * *
Casting: Magic Dart (safe; 4% risk of failure)
Confirm with . or Enter, or press ? or * to list all spells.
Aiming: Magic Dart (safe; 4% risk of failure)
Press: ? - help, Shift-Dir - straight line, f/p - orc
Aim: an orc, wielding a +0 club (100% to hit)
The magic dart hits something but does no damage.
Something hits you but does no damage.
You closely miss something. Something hits you.
* * * LOW HITPOINT WARNING * * *
You miss something. Something hits you.
* * * LOW HITPOINT WARNING * * *
Casting: Magic Dart (safe; 4% risk of failure)
Confirm with . or Enter, or press ? or * to list all spells.
Aiming: Magic Dart (safe; 4% risk of failure)
Press: ? - help, Shift-Dir - straight line, f/p - orc
Aim: an orc, wielding a +0 club (100% to hit)
The magic dart hits something but does no damage.
Something hits you but does no damage.
You barely miss something. Something hits you.
You die...

#.####.##....##.##.####... .
#.#.....###..#..#.....###[
..###.#.###...####.##.##....##
..........###...#..#..# .8[.#.
###.......# ###...##.## ..##.
#....†.S# ###.....###..#..
#.......# #####...####.#
#......)#############...#..#
#..†....)o.@.......####...##
##################.######.#
#......#.# ######...# #####


You could see an orc.

Vanquished Creatures
  2 gnolls (D:3)
  An adder (D:2)
  3 orcs (D:3)
  2 ball pythons
  5 endoplasms (D:1)
  7 giant cockroaches
  3 goblins
  5 hobgoblins
  2 jackals (D:2)
  4 kobolds
  5 quokkas
  11 bats
  5 frilled lizards
  2 rats
57 creatures vanquished.

Notes
Turn   | Place    | Note
-------+----------+-------------------------------------------
     0 | D:1      | pokeman the Deep Elf Hedge Wizard began the quest for the
                  | Orb.
     0 | D:1      | Reached XP level 1. HP: 10/10 MP: 7/7
   327 | D:1      | Reached XP level 2. HP: 16/16 MP: 4/9
   900 | D:1      | Reached skill level 5 in Spellcasting
   982 | D:1      | Found a faded altar of an unknown god.
  1268 | D:2      | Reached XP level 3. HP: 20/20 MP: 9/11
  1272 | D:2      | Learned a level 3 spell: Mephitic Cloud
  1275 | D:2      | Learned a level 2 spell: Call Imp
  1278 | D:2      | Learned a level 2 spell: Blink
  1586 | D:2      | Reached skill level 1 in Fighting
  1985 | D:2      | Reached skill level 1 in Armour
  2434 | D:3      | Found a bloodstained altar of Trog.
  2740 | D:3      | Reached XP level 4. HP: 15/25 MP: 4/13
  2863 | D:3      | HP: 1/25 [something (4)]
  2865 | D:3      | Slain by an orc wizard

Illustrated notes

Levels and vault maps discovered:
D:1:      dpeg_arrival_tiny_g, layout_loops_ring,
          hellmonk_ecumenical_altar_arch_garden
D:2:      layout_loops_ring, chequers_serial_rivers_micro_e, grunt_ministairs_7
D:3:      minmay_skewed_foursquare, layout_basic, trog_three_pillars_becter,
          serial_shops, shop

Skill      XL: |  1  2  3 |
---------------+----------+-----
Spellcasting   | 5 |  5.6
Fighting       | 1 |  1.0
Conjurations   | 2 |  2.3
Armour         | 1 |  1.0
Dodging        | |  2.6
Stealth        | |  2.7
Summonings     | |  1.1
Translocations | |  1.1

Action                   |  1- 3 |  4- 6 || total
-------------------------+-------+-------++-------
Melee: Dagger            |     8 |    11 ||    19
 Cast: Magic Dart        |   134 |    15 ||   149
       Mephitic Cloud    |     1 |     1 ||     2
       Call Imp          |     1 |       ||     1
 Stab: Confused          |     2 |     1 ||     3
       Sleeping          |     1 |       ||     1
Armor: Leather armour    |     7 |     5 ||    12
Dodge: Dodged            |    30 |     1 ||    31

Table legend: (Time is in decaauts)
 A = Elapsed time spent in this place.
 B = Non-inter-level travel time spent in this place.
 C = Inter-level travel time spent in this place.
 D = Time resting spent in this place.
 E = Time spent auto-exploring this place.
 F = Levels seen in this place.
 G = Mean time per level.
                   A        B        C        D        E       F      G
               +--------+--------+--------+--------+--------+-----+--------+
         Total |   2864 |   2809 |     55 |    103 |   2347 |   3 |  954.7 |
       Dungeon |   2864 |   2809 |     55 |    103 |   2347 |   3 |  954.7 |
               +--------+--------+--------+--------+--------+-----+--------+

Top non-repeatable levels by time:
     D:1: 1264 daAuts
     D:2: 1161 daAuts
     D:3: 438 daAuts
